 Dungeon Crawl Stone Soup version 0.21-a0-349-g0c35859 (webtiles) character file.

2527 Hasart the Spear-Bearer (level 9, -9/74 HPs)
             Began as a Formicid Fighter on Oct 7, 2017.
             Was a Follower of Okawaru.
             Killed by divine providence
             ... invoked by an orc priest
              (13 damage)
             ... on level 8 of the Dungeon.
             The game lasted 00:22:36 (8111 turns).

Hasart the Spear-Bearer (Formicid Fighter)          Turns: 8111, Time: 00:22:37

Health: -9/74      AC: 14    Str: 24    XL:     9   Next: 84%
Magic:  8/9        EV:  6    Int:  8    God:    Okawaru [*.....]
Gold:   316        SH: 10    Dex: 14    Spells: 8/8 levels left

rFire    . . .     SeeInvis +   a - +1 trident
rCold    . . .     Gourm    .   c - +0 shield
rNeg     . . .     Faith    .   v - +0 chain mail
rPois    .         Spirit   .   (helmet unavailable)
rElec    .         Reflect  .   x - +0 cloak
rCorr    .         Harm     .   l - +1 pair of gloves
MR       .....                  B - +0 pair of boots
Stlth    ..........             (no amulet)
HPRegen  0.22/turn              s - +4 ring of dexterity
MPRegen  0.11/turn              (no ring)

@: no status effects
A: permanent stasis, dig shafts and tunnels, four strong arms, antennae 3
a: Dig, Shaft Self, Heroism, Renounce Religion


You were on level 8 of the Dungeon.
You worshipped Okawaru.
Okawaru was aware of your devotion.
You were not hungry.

You visited 2 branches of the dungeon, and saw 9 of its levels.

You collected 316 gold pieces.

Inventory:

Hand Weapons
 a - a +1 trident (weapon)
Armour
 c - a +0 shield (worn)
 l - a +1 pair of gloves (worn)
 v - a +0 chain mail (worn)
 x - a +0 cloak (worn)
 B - a +0 pair of boots (worn)
Jewellery
 s - a +4 ring of dexterity (left hand)
 G - an uncursed ring of wizardry
 L - an uncursed ring of fire
Wands
 t - a wand of random effects (16/48)
 u - a wand of digging (10/24)
 J - a wand of confusion (23/48)
 M - a wand of confusion (26/48)
 O - a wand of lightning (3/15)
 P - a wand of acid (12/15)
Scrolls
 m - 2 scrolls of enchant armour
 r - 3 scrolls of enchant weapon
 w - 6 scrolls of identify
 y - a scroll of recharging
 D - 3 scrolls of remove curse
 N - a scroll of torment {unknown}
Potions
 d - 4 potions of might
 e - 2 potions of brilliance {unknown}
 i - a potion of flight {unknown}
 j - 3 potions of resistance {unknown}
 n - a potion of lignification {unknown}
 o - a potion of berserk rage {unknown}
 p - a potion of invisibility {unknown}
 q - 2 potions of cancellation {unknown}
 z - 2 potions of degeneration {unknown}
 C - 3 potions of agility {unknown}
 E - a potion of heal wounds {unknown}
 H - a potion of magic {unknown}
Books
 K - a book of Minor Magic

   Spells                             Type                      Level
   a - Magic Dart                     Conjuration                  1
   b - Blink                          Translocation                2
   c - Call Imp                       Summoning                    2
   d - Slow                           Hexes                        2
   e - Conjure Flame                  Conjuration/Fire             3
   f - Mephitic Cloud                 Conjuration/Poison/Air       3
Comestibles
 f - 3 bread rations
 h - 4 royal jellies
 k - 7 fruits
 F - 5 chunks of flesh
 I - a meat ration


   Skills:
 + Level 8.2 Fighting
 * Level 10.0 Polearms
 + Level 4.5 Armour
 + Level 5.0 Shields


You had 8 spell levels left.
You didn't know any spells.

Dungeon Overview and Level Annotations

Branches:
Dungeon (8/15)             Temple (1/1) D:5
   Lair: D:8-11

Altars:
Ashenzari
Cheibriados
Dithmenos
Elyvilon
Fedhas
Gozag
Kikubaaqudgha
Makhleb
Nemelex Xobeh
Okawaru
Qazlal
Ru
Sif Muna
Trog
Uskayaw
Vehumet
Wu Jian
Xom
Yredelemnul
Zin
The Shining One

Shops:
D:7 *


Innate Abilities, Weirdness & Mutations

You cannot be hasted, slowed, berserked, paralysed or teleported.
You can dig through walls and to a lower floor.
Your four strong arms can wield two-handed weapons with a shield.
You have a pair of large antennae on your head. (SInv)


Message History

Your base Shields skill increases to level 5!
The goblin barely misses you. You block the goblin's attack.
The orc priest invokes the aid of Beogh against you.
Beogh smites you!
* * * LOW HITPOINT WARNING * * *
You hit the orc but do no damage. You block the goblin's attack.
Unknown command.
You feel better. You block the goblin's attack.
The orc priest calls down the wrath of Beogh upon you.
Beogh smites you!
* * * LOW HITPOINT WARNING * * *
You block the goblin's attack.
Unknown command.
You hit the orc wizard.
The orc wizard is moderately wounded.
You feel like a meek peon again. You block the goblin's attack.
The orc priest calls down the wrath of Beogh upon you.
Beogh smites you!
You die...

,≈*,∩,*≈,*
**,**,,,,,***,,,,,
,≈*,,,*≈,* *,*,,,,,,,*,,,,,,
,≈**,**≈,* *,*,,,{,,,*,{,,,,
,≈≈≈≈≈≈≈,* #,*,,,,,,,*,,,{{,
,,,,,,,,,* #.**,,,,{***,,,{,
******,*** #?.##,,{** **,,{*
*,* *#..#############
*,**##########...........#..
*,,,.....gg@oo###....o#..≈{#
****###.#####oo....##.#.#{.#
******,****#..##...#.#.#.{#
*,,,,,,,,,,#...#.....#.#..{
*,,,,,,,**,#####...###.##.F
*,,,,,,,,,,* #...# #...>.
*****,{,,*** #...# ######
*,,,,,,,* ##### **
*,,,,,,,******


You could see an orc priest, an orc wizard, 2 orcs and 2 goblins.

Vanquished Creatures
  A hippogriff (D:8)
  A sky beast (D:8)
  An orc warrior (D:6)
  A black bear (D:3)
  3 ogres
  A centaur (D:5)
  The ghost of p0werm0de the Conjurer, an amateur OpCj (D:4)
  6 bullfrogs
  2 scorpions
  A killer bee (D:7)
  A vampire bat (D:6)
  3 howler monkeys
  A bullfrog zombie (D:6)
  3 crimson imps
  4 orc priests
  4 jellies
  A hound (D:6)
  A bullfrog skeleton (D:4)
  2 orc wizards
  An iguana (D:4)
  8 worker ants
  A hound skeleton (D:3)
  3 gnolls (D:7)
  7 adders
  A river rat (D:4)
  3 worms
  4 dart slugs
  4 leopard geckos
  21 orcs
  15 bats
  8 giant cockroaches
  16 goblins
  7 hobgoblins
  12 jackals
  5 quokkas
  3 ball pythons
  5 frilled lizards
  6 kobolds
  13 rats
181 creatures vanquished.

Notes
Turn   | Place    | Note
-------+----------+-------------------------------------------
     0 | D:1      | Hasart the Formicid Fighter began the quest for the Orb.
     0 | D:1      | Reached XP level 1. HP: 18/18 MP: 1/1
    40 | D:1      | Reached XP level 2. HP: 16/24 MP: 2/2
   561 | D:1      | Reached XP level 3. HP: 30/30 MP: 3/3
   590 | D:1      | Reached skill level 3 in Polearms
  1146 | D:2      | Reached XP level 4. HP: 37/37 MP: 4/4
  1667 | D:2      | Found a sacrificial altar of Ru.
  1948 | D:3      | Reached skill level 4 in Polearms
  1990 | D:3      | Reached XP level 5. HP: 40/42 MP: 5/5
  2411 | D:3      | Found a glowing silver altar of Zin.
  2637 | D:3      | Found a shimmering altar of Xom.
  2699 | D:3      | Noticed a black bear
  2713 | D:3      | Killed a black bear
  2713 | D:3      | Reached skill level 5 in Polearms
  2713 | D:3      | Reached XP level 6. HP: 50/50 MP: 6/6
  3358 | D:3      | Reached skill level 5 in Fighting
  3378 | D:4      | Noticed p0werm0de's ghost (amateur OpCj)
  3595 | D:4      | Killed p0werm0de's ghost
  3595 | D:4      | Reached XP level 7. HP: 39/56 MP: 7/7
  3657 | D:4      | Reached skill level 6 in Polearms
  4572 | D:5      | Entered Level 5 of the Dungeon
  4594 | D:5      | Reached skill level 7 in Polearms
  4622 | D:6      | Reached XP level 8. HP: 11/64 MP: 8/8
  5174 | D:6      | Reached skill level 8 in Polearms
  5661 | D:5      | Found a staircase to the Ecumenical Temple.
  5666 | Temple   | Entered the Ecumenical Temple
  5773 | Temple   | Became a worshipper of Warmaster Okawaru
  6158 | D:6      | Reached XP level 9. HP: 71/72 MP: 9/9
  6228 | D:6      | Found an iron altar of Okawaru.
  6356 | D:6      | Reached skill level 9 in Polearms
  7341 | D:7      | Found a stormy altar of Qazlal.
  7387 | D:7      | Found a white marble altar of Elyvilon.
  7389 | D:7      | Found Muachag's Hallowed Reliquary.
  7391 | D:7      | Noticed an angel
  7546 | D:7      | Reached * piety under Okawaru
  7973 | D:8      | Noticed a hippogriff
  8108 | D:8      | Killed a hippogriff
  8108 | D:8      | Reached skill level 10 in Polearms
  8108 | D:8      | Reached skill level 5 in Shields
  8111 | D:8      | Killed from afar by an orc priest

Vault maps used:
D:1:      nicolae_arrival_memento_mori, serial_bayou_pond_e, st_stairs_1,
          minmay_domino_4
D:2:      nicolae_ru_awakened_eye
D:3:      cheibrodos_old_hovel, lemuel_coloured_pillars_altar, xom_butterflies,
          first_bread, grunt_decor_cap, lemuel_another_geyser
D:4:      gup_sewer_entry_spiral
D:5:      temple_statues, st_stairs_10
D:6:      minmay_misc_feat_cross, roderic_batcave, kennysheep_okawaru_gauntlet
D:7:      grunt_qazlal_clouds, nicolae_good_shop
D:8:      kennysheep_six_static_rooms, enter_bailey_3, uniq_grum
Temple:   compressed_dpeg_circular_temple

Skill      XL: |  1  2  3  4  5  6  7  8  9 |
---------------+----------------------------+-----
Polearms       | 3 4 5 7 8 10 | 10.0
Fighting       | 4 5 6 7 8 |  8.2
Shields        | 5 |  5.0
Armour         | 4 |  4.5

Action                   |  1- 3 |  4- 6 |  7- 9 || total
-------------------------+-------+-------+-------++-------
Melee: Trident           |   106 |   197 |   458 ||   761
Invok: Heroism           |       |       |     1 ||     1
Evoke: Wand              |       |       |     1 ||     1
  Use: Scroll            |       |     4 |     5 ||     9
       Potion            |       |       |     5 ||     5
  Eat: Chunk             |     1 |     7 |    15 ||    23
       Fruit             |       |     1 |       ||     1
Armor: Scale mail        |    31 |    84 |       ||   115
       Chain mail        |       |    14 |   217 ||   231
Dodge: Dodged            |    21 |    49 |   123 ||   193
Block: Shield            |    43 |    90 |   263 ||   396

Table legend:
 A = Spawn XP
 B = Non-spawn XP
 C = Spawn XP percentage of total XP
 D = Spawn monster count
 E = Non-spawn monster count
 F = Spawn count percentage of total count
 G = Total turns spent on level
                    A         B        C        D         E        F      G
               +---------+---------+-------+---------+---------+-------+---------
         Total |       0 |    3610 |   0.0 |       0 |     181 |   0.0 |  8111
               +---------+---------+-------+---------+---------+-------+---------
           D:1 |       0 |      61 |   0.0 |       0 |      32 |   0.0 |  1087
           D:2 |       0 |      54 |   0.0 |       0 |      14 |   0.0 |   814
           D:3 |       0 |     288 |   0.0 |       0 |      38 |   0.0 |  1653
           D:4 |       0 |     453 |   0.0 |       0 |      27 |   0.0 |  1018
           D:5 |       0 |     351 |   0.0 |       0 |      10 |   0.0 |   596
           D:6 |       0 |    1269 |   0.0 |       0 |      36 |   0.0 |  1823
           D:7 |       0 |     513 |   0.0 |       0 |      19 |   0.0 |   919
           D:8 |       0 |     621 |   0.0 |       0 |       5 |   0.0 |    84
               +---------+---------+-------+---------+---------+-------+---------
